 Dungeon Crawl Stone Soup version 0.27.0-1-g7a089689b8 (console) character file.

Game seed: 8308749532573217613

641 jejorda2 the Cudgeller (level 7, 0/64 HPs)
             Began as a Kobold Chaos Knight on Aug 11, 2021.
             Was a Plaything of Xom.
             Slain by Pikel (1 damage)
             ... on level 4 of the Dungeon.
             The game lasted 00:10:54 (4447 turns).

jejorda2 the Cudgeller (Kobold Chaos Knight)        Turns: 4447, Time: 00:10:58

Health: 0/64       AC: 23    Str: 12    XL:     7   Next: 81%
Magic:  7/7        EV:  3    Int: 13    God:    Xom [..*...]
Gold:   132        SH:  0    Dex: 14    Spells: 6/6 levels left

rFire    . . .     SeeInvis +   a - +2 whip (elec)
rCold    . . .     Faith    .   (shield restricted)
rNeg     + + +     Spirit   .   (armour currently unavailable)
rPois    +         Reflect  .   (helmet currently unavailable)
rElec    .         Harm     .   (cloak currently unavailable)
rCorr    .         Rampage  .   (gloves currently unavailable)
Will     +....     NoTele   +   (boots currently unavailable)
Stlth    ++........             (no amulet)
HPRegen  0.20/turn              c - ring of see invisible
MPRegen  0.10/turn              e - ring of willpower

@: tree-form
A: stationary, stasis, torment immunity, boosted hp, small, no large weapons,
nightstalker 3
a: Renounce Religion


You were on level 4 of the Dungeon.
You worshipped Xom.
You were a toy of Xom.
You were a tree.
You visited 1 branch of the dungeon, and saw 4 of its levels.

You collected 132 gold pieces.

Inventory:

Hand Weapons
 a - a +2 whip of electrocution (weapon)
 k - a +0 short sword of chaos
 m - a +0 flail
 v - the +7 rapier of Gin and Tonic {chaos, rF+ Int+4 Dex-3}
   (Xom gifted it to you on level 3 of the Dungeon)

   Each time it hits an enemy it has a different, random effect.
   Int:       It affects your intelligence (+4).
   Dex:       It affects your dexterity (-3).
   rF:        It protects you from fire.
Missiles
 q - 20 poisoned darts (quivered)
Armour
 p - a +3 ring mail of cold resistance (melded)
Jewellery
 c - a ring of see invisible (left branch)
 e - a ring of willpower (right branch)
Wands
 d - a wand of mindburst (15)
 r - a wand of paralysis (7)
Scrolls
 g - a scroll of vulnerability
Potions
 f - 2 potions of flight
 l - a potion of ambrosia
 n - 4 potions of curing
 t - a potion of invisibility


   Skills:
 - Level 4.0 Fighting
 - Level 5.6 Short Blades
 * Level 5.7 Maces & Flails
 + Level 2.2 Armour
 - Level 2.4 Dodging


You had 6 spell levels left.
You didn't know any spells.
Your spell library contained the following spells:

 Spells                   Type           Power      Damage    Failure   Level
 Animate Skeleton         Necr           0%         N/A       30%         1
 Apportation              Tloc           0%         N/A       30%         1
 Corona                   Hex            0%         N/A       30%         1
 Summon Small Mammal      Summ           0%         N/A       30%         1
 Sublimation of Blood     Necr           0%         N/A       43%         2
 Wereblood                Tmut           0%         N/A       43%         2
 Call Canine Familiar     Summ           0%         N/A       67%         3
 Portal Projectile        Hex/Tloc       0%         N/A       67%         3
 Leda's Liquefaction      Hex/Erth       0%         N/A       97%         4
 Summon Hydra             Summ           0%         N/A       100%        7


Dungeon Overview and Level Annotations

Branches:
Dungeon (4/15)
 Temple: D:4-7

Altars:
Dithmenos
The Shining One

Shops:
D:2 (

Annotations:
D:4 Pikel


Innate Abilities, Weirdness & Mutations

You are a tree.
Your roots penetrate the ground, keeping you stationary.
You cannot be teleported.
You are immune to unholy pain and torment.
Your maximum health is greatly increased.
Your equipment is partially melded.
You are small and have problems with some larger weapons.
You are completely attuned to the shadows.


Message History

You completely miss Pikel.
Pikel is moderately wounded.
You hit Pikel but do no damage.
Pikel is moderately wounded.
Pikel hits you with a +1 whip of freezing!
Pikel freezes you.
You hit Pikel but do no damage. Lightning courses through Pikel!
Pikel is heavily wounded.
Pikel hits you with a +1 whip of freezing!
Pikel freezes you.
You hit Pikel but do no damage.
Pikel is heavily wounded.
Pikel barely misses you.
You closely miss Pikel.
Pikel is heavily wounded.
Pikel hits you with a +1 whip of freezing!
* * * LOW HITPOINT WARNING * * *
Pikel freezes you.
* * * LOW HITPOINT WARNING * * *
You barely miss Pikel.
Pikel is heavily wounded.
Pikel misses you.
You hit Pikel.
Pikel is severely wounded.
Unknown command.
You hit Pikel but do no damage.
Pikel is severely wounded.
Pikel hits you with a +1 whip of freezing!
* * * LOW HITPOINT WARNING * * *
It was a potion of lignification.
You turn into a tree.
Your +3 ring mail of cold resistance melds into your body.
You feel less resistant to cold.
Your roots penetrate the ground.
Pikel hits you but does no damage.
You miss Pikel.
Pikel is severely wounded.
Pikel hits you with a +1 whip of freezing.
* * * LOW HITPOINT WARNING * * *
Pikel freezes you.
You die...
Xom cackles wildly!

* * ***###### **** * *,,.....#
*,,, ##* ####### #.......# *,,,
K.####.....#######.......#####..,
.....+........5K♣............>.,,
..5.##..†..#.#####..........#.#+#
.#..##.......# #.........##.#.#.#
.....#.......###.........#......#
.............#≈#...#####.####.##.
.........##..#≈#...# #......##.
....#....##...≈....# #########.
###..######...≈..).# *,,,,,..
*...,,* ##+.≈.#### *,***###


You could see Pikel and a lemure.

Vanquished Creatures
  Sigmund (D:2)
  A water moccasin (D:4)
  Duvessa (D:4)
  A lemure (D:4)
  Dowan (D:4)
  A centaur skeleton (D:4)
  An iguana (D:4)
  3 gnolls (D:3)
  5 adders
  3 dart slugs
  3 orcs
  5 bats
  4 endoplasms
  5 giant cockroaches
  11 hobgoblins
  9 jackals
  5 quokkas
  7 ball pythons
  12 frilled lizards
  9 goblins
  9 kobolds
  6 rats
103 creatures vanquished.

Vanquished Creatures (others)
  2 plants (D:2)
2 creatures vanquished.

Grand Total: 105 creatures vanquished

Notes
Turn   | Place    | Note
-------+----------+-------------------------------------------
     0 | D:1      | jejorda2 the Kobold Chaos Knight began the quest for the
                  | Orb.
     0 | D:1      | Reached XP level 1. HP: 14/14 MP: 1/1
   182 | D:1      | Reached XP level 2. HP: 19/19 MP: 2/2
   182 | D:1      | Found a faded altar of an unknown god.
   499 | D:1      | Reached XP level 3. HP: 23/23 MP: 3/3
   507 | D:1      | Reached skill level 5 in Short Blades
  1048 | D:2      | Found Xoggyus's Weapon Shop.
  1208 | D:2      | Reached XP level 4. HP: 26/29 MP: 4/4
  1302 | D:2      | XOM: smoke on damage
  1471 | D:2      | Noticed Sigmund
  1510 | D:2      | Reached skill level 1 in Maces & Flails
  1777 | D:2      | XOM: cloud trail
  1873 | D:2      | Killed Sigmund
  1874 | D:2      | Reached XP level 5. HP: 25/33 MP: 5/5
  1874 | D:2      | Reached XP level 6. HP: 29/38 MP: 6/6
  2194 | D:2      | Found a glowing golden altar of the Shining One.
  2717 | D:3      | XOM: smoke on damage
  2818 | D:3      | XOM: silly message
  2825 | D:3      | XOM: 4-stop teleportation journey
  2983 | D:3      | XOM: 1-stop teleportation journey
  3203 | D:3      | XOM: silly message
  3295 | D:3      | Identified the +7 rapier of Gin and Tonic {venom, rF+ Int+4
                  | Dex-3} (Xom gifted it to you on level 3 of the Dungeon)
  3295 | D:3      | XOM: god gift: +7 rapier of Gin and Tonic {chaos, rF+ Int+4
                  | Dex-3}
  3389 | D:3      | Found a shadowy altar of Dithmenos.
  3555 | D:3      | XOM: cloud trail
  3800 | D:4      | Reached skill level 1 in Armour
  3910 | D:4      | XOM: god gift: 7 stones
  4148 | D:4      | Noticed Dowan
  4148 | D:4      | XOM: summons 2 friendly demons
  4149 | D:4      | Noticed Duvessa
  4164 | D:4      | Killed Duvessa
  4165 | D:4      | Reached skill level 5 in Maces & Flails
  4165 | D:4      | Reached XP level 7. HP: 43/43 MP: 7/7
  4169 | D:4      | Killed Dowan
  4218 | D:4      | Noticed a water moccasin
  4224 | D:4      | Killed a water moccasin
  4404 | D:4      | Noticed Pikel
  4414 | D:4      | XOM: divination: detect items
  4422 | D:4      | XOM: confuse monster(s)
  4427 | D:4      | XOM: silly message
  4444 | D:4      | HP: 1/43 [Pikel (8)]
  4447 | D:4      | Slain by Pikel

Illustrated notes

Levels and vault maps discovered:
D:1:      nzn_arrival_depleted_hourglass, layout_basic,
          chequers_ecumenical_altar_simple_redux, minmay_surrounded
D:2:      layout_loops_ring, serial_shops, shop_coins, serial_aquarium,
          aquarium_bridge_straight [aquarium_subvault_bridge,
          aquarium_subvault_window, aquarium_subvault_bridge,
          aquarium_subvault_wall], aquarium_bridge_square
          [aquarium_subvault_bridge, aquarium_subvault_bridge,
          aquarium_subvault_bridge, aquarium_subvault_window],
          aquarium_window_1, aquarium_window_fake, aquarium_view_2e,
          basic_altar, chequers_serial_rivers_small_b, minmay_lizard_king,
          uniq_sigmund
D:3:      layout_basic, mainiacjoe_overflow_boulevard, grunt_ministairs_7
D:4:      layout_basic, serial_rivers, chequers_serial_rivers_micro_a,
          chequers_serial_rivers_micro_d, chequers_serial_rivers_micro_a,
          chequers_serial_rivers_micro_d, chequers_serial_rivers_micro_b,
          minmay_misc_feat_chi, grunt_ministairs_10, uniq_pikel, uniq_duvessa

Skill      XL: |  1  2  3  4  5  6  7 |
---------------+----------------------+-----
Short Blades   | 5 |  5.6
Fighting       | 4 |  4.0
Maces & Flails | 4 5 |  5.7
Armour         | 1 2 |  2.2
Dodging        | |  2.4

Action                   |  1- 3 |  4- 6 |  7- 9 || total
-------------------------+-------+-------+-------++-------
Melee: Short sword       |    99 |     6 |       ||   105
       Whip              |       |   193 |    39 ||   232
Throw: Dart              |       |     2 |       ||     2
  Use: Scroll            |       |    14 |       ||    14
       Potion            |       |     2 |     1 ||     3
 Stab: Sleeping          |    12 |     9 |     1 ||    22
       Paralysed         |     2 |       |       ||     2
Armor: Leather armour    |    18 |    18 |       ||    36
       Ring mail         |       |    24 |     6 ||    30
       Skin              |       |       |     1 ||     1
Dodge: Dodged            |    63 |   127 |    15 ||   205
